HSSL
INDIANAPOLIS HS CHAOS @ OCEANSIDE HS PIRATES
04/09/2026
 
TOP OF THE 1ST
Indianapolis HS Chaos batting - Pitching for Oceanside HS Pirates : LHP Valentín García
Pitching: LHP Valentín García
Batting: SHB Mark Hendree 0-0: Foul Ball, location: 2F
0-1: Ball
1-1: Called Strike
1-2: Ball
2-2: Foul Ball, location: 2F
2-2: Ground out 5-3 (Groundball, 5)
Batting: RHB Johnny Becker 0-0: Called Strike
0-1: Called Strike
0-2: Ball
1-2: Ball
2-2: Ground out 1-3 (Groundball, 13S)
Batting: LHB Ben Donaldson 0-0: Ball
1-0: Ball
2-0: Ball
3-0: Called Strike
3-1: Foul Ball, location: 2F
3-2: Strikes out swinging
Top of the 1st over - 0 run(s), 0 hit(s), 0 error(s), 0 left on base; Indianapolis HS 0 - Oceanside HS 0
BOTTOM OF THE 1ST
Oceanside HS Pirates batting - Pitching for Indianapolis HS Chaos : LHP Ryan Roach
Pitching: LHP Ryan Roach
Batting: RHB Glen Madden 0-0: Hit by Pitch
Batting: RHB Henry Rose 0-0: Ball
1-0: Fly out, F9 (Flyball, 89M)
Batting: LHB Ron Young 0-0: Ball
Glen Madden steals 2nd base
1-0: Called Strike
1-1: Ball
2-1: Foul Ball, location: 2F
2-2: Ball
3-2: Base on Balls
Batting: RHB Danny Boykins 0-0: Ball
Glen Madden steals 3rd base
Ron Young to second
1-0: SINGLE (Line Drive, 78S)
Glen Madden scores
Ron Young to third
Runner from 3rd tries for Home, SAFE, no throw or cutoff
Batting: SHB Jerry Young 0-0: Ball
1-0: Called Strike
1-1: Ball
2-1: Foul Ball, location: 2F
2-2: Fielders Choice at 2nd, 6-4 (Groundball, 6M)
Batting: LHB Preston Spencer 0-0: Ball
1-0: Swinging Strike
1-1: Ball
2-1: Foul Ball, location: 2F
2-2: Ball
3-2: Strikes out swinging
Bottom of the 1st over - 2 run(s), 1 hit(s), 0 error(s), 1 left on base; Indianapolis HS 0 - Oceanside HS 2
TOP OF THE 2ND
Indianapolis HS Chaos batting - Pitching for Oceanside HS Pirates : LHP Valentín García
Batting: RHB Curt David 0-0: Fly out, F7 (Flyball, 7M)
Batting: RHB Robert Blanchard 0-0: Ball
1-0: Ball
2-0: Ball
3-0: Called Strike
3-1: Base on Balls
Batting: RHB Jesús Lima 0-0: Ball
1-0: Called Strike
1-1: SINGLE (Line Drive, 7S)
Robert Blanchard to second
Batting: RHB Patrice Charette 0-0: Called Strike
0-1: Swinging Strike
0-2: Strikes out looking
Batting: RHB Zander von Strantz 0-0: Ball
1-0: Foul Ball, location: 2F
1-1: Ball
2-1: Swinging Strike
2-2: Strikes out swinging
Top of the 2nd over - 0 run(s), 1 hit(s), 0 error(s), 2 left on base; Indianapolis HS 0 - Oceanside HS 2
BOTTOM OF THE 2ND
Oceanside HS Pirates batting - Pitching for Indianapolis HS Chaos : LHP Ryan Roach
Batting: LHB Greg Sharpe 0-0: Ball
1-0: Ball
2-0: Swinging Strike
2-1: Ball
3-1: Base on Balls
Batting: RHB Curt Brown 0-0: SINGLE (Flyball, 89S)
Greg Sharpe to second
Batting: LHB Miguel Maldonado 0-0: Ball
1-0: Ball
2-0: Foul Ball, location: 2F
2-1: Ball
3-1: Base on Balls
Greg Sharpe to third
Curt Brown to second
Batting: RHB Glen Madden 0-0: Swinging Strike
0-1: Swinging Strike
0-2: Strikes out swinging
Batting: RHB Henry Rose 0-0: Ball
1-0: Swinging Strike
1-1: Ball
2-1: Fly out, F9 (Flyball, 9LM)
Runner from 3rd tags up, SCORES, no throw
Batting: LHB Ron Young 0-0: Called Strike
0-1: Ball
1-1: Hit by Pitch
Curt Brown to third
Miguel Maldonado to second
Batting: RHB Danny Boykins 0-0: Called Strike
0-1: Ball
1-1: Ball
2-1: Ball
3-1: Swinging Strike
3-2: Strikes out swinging
Bottom of the 2nd over - 1 run(s), 1 hit(s), 0 error(s), 3 left on base; Indianapolis HS 0 - Oceanside HS 3
TOP OF THE 3RD
Indianapolis HS Chaos batting - Pitching for Oceanside HS Pirates : LHP Valentín García
Batting: LHB Kyle Robbins 0-0: Called Strike
0-1: Fly out, F7 (Flyball, 7M)
Batting: SHB Mark Hendree 0-0: Ball
1-0: Ground out 5-3 (Groundball, 56S)
Batting: RHB Johnny Becker 0-0: Ball
1-0: Called Strike
1-1: Ball
2-1: Foul Ball, location: 2F
2-2: Ball
3-2: Strikes out swinging
Top of the 3rd over - 0 run(s), 0 hit(s), 0 error(s), 0 left on base; Indianapolis HS 0 - Oceanside HS 3
BOTTOM OF THE 3RD
Oceanside HS Pirates batting - Pitching for Indianapolis HS Chaos : LHP Ryan Roach
Batting: SHB Jerry Young 0-0: Called Strike
0-1: Ball
1-1: Fly out, F9 (Flyball, 9M)
Batting: LHB Preston Spencer 0-0: Called Strike
0-1: Swinging Strike
0-2: Ball
1-2: Foul Ball, location: 2F
1-2: SINGLE (Flyball, 6MD)
Batting: LHB Greg Sharpe 0-0: Ball
1-0: Ball
2-0: Ball
3-0: Base on Balls
Preston Spencer to second
Batting: RHB Curt Brown 0-0: Ball
1-0: Ball
2-0: 3-RUN HOME RUN (Flyball, 78XD), Distance : 440 ft
Batting: LHB Miguel Maldonado 0-0: Foul Ball, location: 2F
0-1: Ball
1-1: Ball
2-1: Ball
3-1: Foul Ball, location: 2F
3-2: Strikes out swinging
Batting: RHB Glen Madden 0-0: Ball
1-0: Ball
2-0: Ball
3-0: Base on Balls
Batting: RHB Henry Rose 0-0: Ball
Glen Madden steals 2nd base
1-0: Ball
2-0: Fly out, F7 (Flyball, 78M)
Bottom of the 3rd over - 3 run(s), 2 hit(s), 0 error(s), 1 left on base; Indianapolis HS 0 - Oceanside HS 6
TOP OF THE 4TH
Indianapolis HS Chaos batting - Pitching for Oceanside HS Pirates : LHP Valentín García
Batting: LHB Ben Donaldson 0-0: Ball
1-0: Ball
2-0: Ground out U3 (Groundball, 3)
Batting: RHB Curt David 0-0: Swinging Strike
0-1: Swinging Strike
0-2: Ball
1-2: Reached on error, E6 (Groundball, 6M)
Batting: RHB Robert Blanchard 0-0: Foul Ball, location: 2F
0-1: Ball
1-1: Ball
2-1: Ball
3-1: Swinging Strike
3-2: Strikes out swinging
Batting: RHB Jesús Lima 0-0: Ball
1-0: 2-RUN HOME RUN (Flyball, 7D), Distance : 393 ft
Batting: RHB Patrice Charette 0-0: Fly out, F8 (Flyball, 8RM)
Top of the 4th over - 2 run(s), 1 hit(s), 1 error(s), 0 left on base; Indianapolis HS 2 - Oceanside HS 6
BOTTOM OF THE 4TH
Oceanside HS Pirates batting - Pitching for Indianapolis HS Chaos : LHP Ryan Roach
Batting: LHB Ron Young 0-0: Ball
1-0: Ground out 6-3 (Groundball, 6M)
Batting: RHB Danny Boykins 0-0: Ball
1-0: Fly out, F3 (Popup, 3F)
Batting: SHB Jerry Young 0-0: SINGLE (Line Drive, 7S)
Pitching: RHP Dennis Nicholas
Batting: LHB Preston Spencer 0-0: Ball
1-0: Called Strike
1-1: Ball
2-1: Foul Ball, location: 2F
2-2: Ball
3-2: Base on Balls
Jerry Young to second
Batting: LHB Greg Sharpe 0-0: Ball
1-0: Called Strike
1-1: Ball
2-1: Foul Ball, location: 2F
2-2: Foul Ball, location: 2F
2-2: Foul Ball, location: 2F
2-2: Ball
3-2: Base on Balls
Jerry Young to third
Preston Spencer to second
Batting: RHB Curt Brown 0-0: Ball
1-0: Ball
2-0: Called Strike
2-1: Ball
3-1: Swinging Strike
3-2: Foul Ball, location: 2F
3-2: Strikes out swinging
Bottom of the 4th over - 0 run(s), 1 hit(s), 0 error(s), 3 left on base; Indianapolis HS 2 - Oceanside HS 6
TOP OF THE 5TH
Indianapolis HS Chaos batting - Pitching for Oceanside HS Pirates : LHP Valentín García
Batting: RHB Zander von Strantz 0-0: Called Strike
0-1: Ball
1-1: Foul Ball, location: 2F
1-2: Ball
2-2: Strikes out swinging
Batting: LHB Kyle Robbins 0-0: Called Strike
0-1: SINGLE (Line Drive, 8LS)
Batting: SHB Mark Hendree 0-0: Ball
1-0: Ball
2-0: Ball
3-0: Called Strike
3-1: Base on Balls
Kyle Robbins to second
Batting: RHB Johnny Becker 0-0: Foul Ball, location: 2F
0-1: Ball
Kyle Robbins steals 3rd base
Mark Hendree to second
1-1: SINGLE (Groundball, 34D)
Kyle Robbins scores
Mark Hendree to third
Batting: LHB Ben Donaldson 0-0: Ball
1-0: Ball
2-0: Called Strike
2-1: Foul Ball, location: 2F
2-2: Foul Ball, location: 2F
2-2: Foul Ball, location: 2F
2-2: Fly out, F5 (Popup, 5F)
Pitching: LHP Melvin Vásquez
Batting: RHB Curt David 0-0: SINGLE (Line Drive, 78S)
Mark Hendree scores
Johnny Becker to second
Batting: RHB Robert Blanchard 0-0: 3-RUN HOME RUN (Flyball, 7D), Distance : 400 ft
Batting: RHB Jesús Lima 0-0: Foul Ball, location: 2F
0-1: Ground out 6-3 (Groundball, 6)
Top of the 5th over - 5 run(s), 4 hit(s), 0 error(s), 0 left on base; Indianapolis HS 7 - Oceanside HS 6
BOTTOM OF THE 5TH
Oceanside HS Pirates batting - Pitching for Indianapolis HS Chaos : RHP Dennis Nicholas
Batting: LHB Miguel Maldonado 0-0: Called Strike
0-1: Foul Ball, location: 2F
0-2: Ball
1-2: Ball
2-2: Ball
3-2: Strikes out looking
Batting: RHB Glen Madden 0-0: Called Strike
0-1: Called Strike
0-2: Ball
1-2: Foul Ball, location: 2F
1-2: Ball
2-2: Ball
3-2: Base on Balls
Batting: RHB Henry Rose 0-0: Ball
1-0: Ball
2-0: Called Strike
2-1: Swinging Strike
2-2: Ball
3-2: Foul Ball, location: 2F
3-2: Strikes out swinging
Glen Madden is caught stealing 2nd base
Batter strikes out.
Bottom of the 5th over - 0 run(s), 0 hit(s), 0 error(s), 0 left on base; Indianapolis HS 7 - Oceanside HS 6
TOP OF THE 6TH
Indianapolis HS Chaos batting - Pitching for Oceanside HS Pirates : LHP Melvin Vásquez
Batting: RHB Patrice Charette 0-0: Called Strike
0-1: SINGLE (Line Drive, 78S)
Batting: RHB Zander von Strantz 0-0: Called Strike
0-1: Ball
1-1: Ball
2-1: Ball
3-1: Foul Ball, location: 2F
3-2: Foul Ball, location: 2F
3-2: Foul Ball, location: 2F
3-2: Strikes out swinging
Batting: LHB Kyle Robbins 0-0: Called Strike
0-1: Swinging Strike
0-2: Ball
1-2: Hit by Pitch
Patrice Charette to second
Batting: SHB Mark Hendree 0-0: Called Strike
0-1: Foul Ball, location: 2F
0-2: Ball
1-2: Fly out, F8 (Flyball, 8LM)
Batting: RHB Johnny Becker 0-0: Called Strike
0-1: Called Strike
0-2: Ball
1-2: Ball
2-2: Ball
3-2: Foul Ball, location: 2F
3-2: Strikes out swinging
Top of the 6th over - 0 run(s), 1 hit(s), 0 error(s), 2 left on base; Indianapolis HS 7 - Oceanside HS 6
BOTTOM OF THE 6TH
Oceanside HS Pirates batting - Pitching for Indianapolis HS Chaos : RHP Dennis Nicholas
Batting: LHB Ron Young 0-0: Ball
1-0: Called Strike
1-1: SINGLE (Groundball, 4M)
Batting: RHB Danny Boykins 0-0: Called Strike
0-1: Ball
1-1: Foul Ball, location: 2F
1-2: Fly out, F7 (Flyball, 78S)
Batting: SHB Jerry Young 0-0: Ball
1-0: Ball
Ron Young steals 2nd base
2-0: Called Strike
2-1: Ball
3-1: Fly out, F8 (Flyball, 8RM)
Pitching: LHP Leonardo Casas
Batting: LHB Preston Spencer 0-0: Foul Ball, location: 2F
0-1: Ground out 1-3 (Groundball, 15S)
Bottom of the 6th over - 0 run(s), 1 hit(s), 0 error(s), 1 left on base; Indianapolis HS 7 - Oceanside HS 6
TOP OF THE 7TH
Indianapolis HS Chaos batting - Pitching for Oceanside HS Pirates : LHP Melvin Vásquez
Batting: LHB Ben Donaldson 0-0: Swinging Strike
0-1: Ball
1-1: Ball
2-1: Ball
3-1: Base on Balls
Batting: RHB Curt David 0-0: Called Strike
0-1: Foul Ball, location: 2F
0-2: Strikes out swinging
Batting: RHB Robert Blanchard 0-0: Ball
1-0: Grounds into double play, 4-6-3 (Groundball, 4)
Top of the 7th over - 0 run(s), 0 hit(s), 0 error(s), 0 left on base; Indianapolis HS 7 - Oceanside HS 6
BOTTOM OF THE 7TH
Oceanside HS Pirates batting - Pitching for Indianapolis HS Chaos : LHP Leonardo Casas
Batting: LHB Greg Sharpe 0-0: Ball
1-0: Ball
2-0: Called Strike
2-1: Ball
3-1: Base on Balls
Batting: RHB Curt Brown 0-0: SINGLE (Flyball, 8RS)
Greg Sharpe to second
Batting: LHB Miguel Maldonado 0-0: Ball
1-0: Sac Bunt - play at first, batter OUT! 1-4
Greg Sharpe to third
Curt Brown to second
Batting: RHB Glen Madden 0-0: Called Strike
0-1: Ball
1-1: Foul Ball, location: 2F
1-2: Ground out 5-3 (Groundball, 5)
Batting: RHB Henry Rose 0-0: Ball
1-0: Fly out, F7 (Flyball, 7S)
Bottom of the 7th over - 0 run(s), 1 hit(s), 0 error(s), 2 left on base; Indianapolis HS 7 - Oceanside HS 6
TOP OF THE 8TH
Indianapolis HS Chaos batting - Pitching for Oceanside HS Pirates : LHP Melvin Vásquez
Pitching: RHP Thomas Hoffman
Batting: RHB Jesús Lima 0-0: Called Strike
0-1: Ball
1-1: Ground out 5-3 (Groundball, 56S)
Batting: RHB Patrice Charette 0-0: Ball
1-0: Ball
2-0: DOUBLE (Line Drive, 3D)
Batting: RHB Zander von Strantz 0-0: Called Strike
0-1: Foul Ball, location: 2F
0-2: Strikes out looking
Batting: LHB Kyle Robbins 0-0: Ball
1-0: Ball
2-0: Foul Ball, location: 2F
2-1: Ball
3-1: 2-RUN HOME RUN (Flyball, 9D), Distance : 400 ft
Batting: SHB Mark Hendree 0-0: Ball
1-0: Ball
2-0: Called Strike
2-1: Ball
3-1: Foul Ball, location: 2F
3-2: Foul Ball, location: 2F
3-2: Foul Ball, location: 2F
3-2: Base on Balls
Batting: RHB Johnny Becker 0-0: Fly out, F8 (Flyball, 8RS)
Top of the 8th over - 2 run(s), 2 hit(s), 0 error(s), 1 left on base; Indianapolis HS 9 - Oceanside HS 6
BOTTOM OF THE 8TH
Oceanside HS Pirates batting - Pitching for Indianapolis HS Chaos : LHP Leonardo Casas
Batting: LHB Ron Young 0-0: SINGLE (Groundball, 3L)
Pitching: RHP Michael Bane
Batting: RHB Danny Boykins 0-0: Fly out, F9 (Flyball, 9M)
Pitching: LHP Donald Gallagher
Batting: SHB Jerry Young 0-0: Ball
1-0: Called Strike
1-1: Fly out, F7 (Flyball, 78M)
Batting: LHB Preston Spencer 0-0: Foul Ball, location: 2F
0-1: Ball
1-1: Foul Ball, location: 2F
1-2: Foul Ball, location: 2F
1-2: Foul Ball, location: 2F
1-2: Ball
2-2: Foul Ball, location: 2F
2-2: Strikes out looking
Bottom of the 8th over - 0 run(s), 1 hit(s), 0 error(s), 1 left on base; Indianapolis HS 9 - Oceanside HS 6
TOP OF THE 9TH
Indianapolis HS Chaos batting - Pitching for Oceanside HS Pirates : RHP Thomas Hoffman
Batting: LHB Ben Donaldson 0-0: Ball
1-0: Ball
2-0: Fly out, F9 (Flyball, 9M)
Batting: RHB Curt David 0-0: Ball
1-0: SINGLE (Line Drive, 78M)
Batting: RHB Robert Blanchard 0-0: Ball
1-0: Swinging Strike
1-1: Ball
2-1: Swinging Strike
Passed Ball!
Curt David to second
2-2: Foul Ball, location: 2F
2-2: Foul Ball, location: 2F
2-2: Ball
3-2: Intentional Walk
Batting: RHB Jesús Lima 0-0: Fly out, F3 (Popup, 4S)
Batting: RHB Patrice Charette 0-0: Ball
1-0: Foul Ball, location: 2F
1-1: Foul Ball, location: 2F
1-2: Fly out, F9 (Flyball, 9M)
Top of the 9th over - 0 run(s), 1 hit(s), 0 error(s), 2 left on base; Indianapolis HS 9 - Oceanside HS 6
BOTTOM OF THE 9TH
Oceanside HS Pirates batting - Pitching for Indianapolis HS Chaos : LHP Donald Gallagher
Pitching: RHP Patrick Williams
Batting: LHB Greg Sharpe 0-0: Fly out, F3 (Popup, 3SF)
Batting: RHB Curt Brown 0-0: Called Strike
0-1: Ball
1-1: Foul Ball, location: 2F
1-2: Ball
2-2: Ball
3-2: Base on Balls
Batting: LHB Miguel Maldonado 0-0: Ball
1-0: Called Strike
1-1: Foul Ball, location: 2F
1-2: Foul Ball, location: 2F
1-2: Foul Ball, location: 2F
1-2: Strikes out looking
Batting: RHB Glen Madden 0-0: Ball
1-0: Ball
2-0: Called Strike
2-1: Ball
3-1: Base on Balls
Curt Brown to second
Batting: RHB Henry Rose 0-0: Ball
1-0: Ball
2-0: Ball
3-0: Called Strike
3-1: Called Strike
3-2: Foul Ball, location: 2F
3-2: Base on Balls
Curt Brown to third
Glen Madden to second
Batting: LHB Ron Young 0-0: Foul Ball, location: 2F
0-1: Swinging Strike
0-2: Foul Ball, location: 2F
0-2: Foul Ball, location: 2F
0-2: Ball
1-2: SINGLE (Groundball, 56)
Curt Brown scores
Glen Madden to third
Henry Rose to second
Runner from 3rd tries for Home, throw and OUT!
Bottom of the 9th over - 1 run(s), 1 hit(s), 0 error(s), 2 left on base; Indianapolis HS 9 - Oceanside HS 7
Monday, December 5th, 2016 - OOTP Baseball 17.12 Build 75